 Dungeon Crawl Stone Soup version 0.30-a0-557-ge2afbf3030 (webtiles) character file.

Game seed: 7104670324353704960

30 oldriver the Sneak (level 3, 0/32 HPs)
             Began as a Naga Artificer on Dec 28, 2022.
             Slain by Natasha (7 damage)
             ... on level 2 of the Dungeon.
             The game lasted 00:01:59 (1296 turns).

oldriver the Sneak (Naga Artificer)                 Turns: 1296, Time: 00:01:59

Health: 0/32       AC:  2    Str: 14    XL:     3   Next: 18%
Magic:  3/3        EV:  9    Int: 11    God:
Gold:   72         SH:  0    Dex: 13    Spells: 2/2 levels left

rFire   . . .      SeeInvis +    n - +0 short sword
rCold   . . .      Faith    .    (no shield)
rNeg    . . .      Spirit   .    b - +0 leather armour
rPois   +          Reflect  .    (no helmet)
rElec   .          Harm     .    m - scarf {shadows}
rCorr   .          Rampage  .    (no gloves)
Will    .....                    (no barding)
Stlth   ++                       (no amulet)
HPRegen 0.25/turn                (no ring)
MPRegen 0.08/turn                (no ring)

@: short of breath, very slow
A: AC +1, large, see invisible, deformed body, poison resistance, slowness 2,
spit poison 1, naga tail 1
a: Spit Poison


You were on level 2 of the Dungeon.
You visited 1 branch of the dungeon, and saw 2 of its levels.

You collected 72 gold pieces.

Inventory:

Hand Weapons
 n - a +0 short sword (weapon)
Armour
 b - a +0 leather armour (worn)
 m - a scarf of shadows (worn)
Wands
 c - a wand of flame (15)
 d - a wand of charming (15)
 e - a wand of iceblast (5)
Scrolls
 a - a scroll of blinking {unknown}
 g - a scroll of enchant weapon {unknown}
 h - 3 scrolls of teleportation {unknown}
 i - 2 scrolls of vulnerability {unknown}
 j - a scroll of identify {unknown}
 l - a scroll of poison {unknown}
 o - a scroll of torment {unknown}
Potions
 f - a potion of cancellation {unknown}
 k - a potion of haste {unknown}
 p - a potion of brilliance {unknown}


   Skills:
 + Level 2.1 Fighting
 * Level 0.1 Short Blades
 - Level 1.5 Armour
 - Level 0.7 Dodging
 + Level 3.5 Stealth
 - Level 3.0 Evocations


You had 2 spell levels left.
You didn't know any spells.
Your spell library was empty.

Dungeon Overview and Level Annotations

Branches:
Dungeon (2/15)

Altars:

Annotations:
D:2 Natasha


Innate Abilities, Weirdness & Mutations

Your serpentine skin is tough. (AC +1)
You have supernaturally acute eyesight. (SInv)
Armour fits poorly on your strangely shaped body.
Your system is resistant to poisons. (rPois)
You cover ground very slowly.
You can spit poison.
You have a snake-like lower body.


Message History

You closely miss Natasha.
You have got your breath back.
Natasha barely misses you.
You hit Natasha but do no damage. Natasha claws you but does no damage.
You hit Natasha.
Natasha is lightly wounded.
Natasha closely misses you.
You closely miss Natasha.
Natasha is lightly wounded.
Natasha claws you but does no damage.
You hit Natasha.
Natasha is moderately wounded.
Natasha casts a spell.
You hit Natasha. You punch Natasha.
Natasha is heavily wounded.
Natasha casts a spell at you. You resist with some effort.
The white imp hits you but does no damage.
You hit Natasha.
Natasha is heavily wounded.
The white imp hits you. The white imp freezes you. Natasha closely misses you.
Aiming: Spit Poison (2% risk of failure)
Press: ? - help, Shift-Dir - straight line, p - Natasha The splash of poison misses Natasha.
Natasha casts a spell at you. You resist with some effort.
The white imp barely misses you.
You hit Natasha but do no damage.
Natasha is heavily wounded.
Natasha claws you! The white imp hits you. The white imp freezes you.
You hit Natasha but do no damage.
Natasha is heavily wounded.
The white imp hits you.
* * * LOW HITPOINT WARNING * * *
The white imp freezes you.
* * * LOW HITPOINT WARNING * * *
Natasha drinks a potion.
Natasha is healed!
You hit Natasha.
Natasha is lightly wounded.
Natasha claws you!
You die...

#... #...
##...########
#........ ..#
#.....#.# #.#
#?....#.###.#
#...h..##.#
......#@5##.##
#.#.#.#......#
.....>......#
###.###....#.#
#. #.##<#.# #
#......#
####.### #.#
#.#


You could see Natasha and a white imp (summoned).

Vanquished Creatures
  4 bats (D:1)
  4 endoplasms (D:1)
  A goblin (D:1)
  5 hobgoblins (D:1)
  4 kobolds (D:1)
  2 quokkas (D:1)
  3 ball pythons (D:1)
  A frilled lizard (D:1)
  2 rats (D:1)
26 creatures vanquished.

Notes
Turn   | Place    | Note
-------+----------+-------------------------------------------
     0 | D:1      | oldriver the Naga Artificer began the quest for the Orb.
     0 | D:1      | Reached XP level 1. HP: 18/18 MP: 1/1
   235 | D:1      | Reached XP level 2. HP: 25/25 MP: 2/2
   833 | D:1      | Reached XP level 3. HP: 22/32 MP: 3/3
  1281 | D:2      | Noticed Natasha
  1296 | D:2      | Slain by Natasha

Illustrated notes

Levels and vault maps discovered:
D:1:      wander_arrival_peaceful_grave, layout_basic
D:2:      layout_loops_cross, uniq_natasha

Skill      XL: |  1  2 |
---------------+-------+-----
Stealth        | 2 3 |  3.5
Fighting       | 2 |  2.1
Short Blades   | |  0.1
Armour         | |  1.5
Dodging        | |  0.7
Evocations     | |  3.0

Action                   || total
-------------------------++-------
Melee: Club              ||    79
       Short sword       ||    11
       Punch             ||     1
 Abil: Spit Poison       ||    27
Armor: Leather armour    ||    41
Dodge: Dodged            ||    69

Table legend: (Time is in decaauts)
 A = Elapsed time spent in this place.
 B = Non-inter-level travel time spent in this place.
 C = Inter-level travel time spent in this place.
 D = Time resting spent in this place.
 E = Time spent auto-exploring this place.
 F = Levels seen in this place.
 G = Mean time per level.
                   A        B        C        D        E       F      G
               +--------+--------+--------+--------+--------+-----+--------+
         Total |   1625 |   1547 |     78 |    179 |   1055 |   2 |  812.5 |
       Dungeon |   1625 |   1547 |     78 |    179 |   1055 |   2 |  812.5 |
               +--------+--------+--------+--------+--------+-----+--------+

Top non-repeatable levels by time:
     D:1: 1596 daAuts
     D:2: 28 daAuts
